 Dungeon Crawl Stone Soup version 0.27.1-15-g792fb953b9 (webtiles) character file.

Game seed: 1365512889030745333

57 zeram the Cutter (level 3, -1/22 HPs)
             Began as a Deep Elf Fighter on Nov 19, 2021.
             Slain by a worm (9 damage)
             ... on level 2 of the Dungeon.
             The game lasted 00:02:13 (1967 turns).

zeram the Cutter (Deep Elf Fighter)                 Turns: 1967, Time: 00:02:14

Health: -1/22      AC:  6    Str: 13    XL:     3   Next: 73%
Magic:  5/5        EV:  6    Int: 13    God:
Gold:   85         SH:  8    Dex: 14    Spells: 2/2 levels left

rFire    . . .     SeeInvis .   a - +0 rapier
rCold    . . .     Faith    .   c - +0 kite shield
rNeg     . . .     Spirit   .   b - +0 scale mail
rPois    .         Reflect  .   (no helmet)
rElec    .         Harm     .   (no cloak)
rCorr    .         Rampage  .   (no gloves)
Will     .....                  (no boots)
Stlth    ..........             (no amulet)
HPRegen  0.07/turn              (no ring)
MPRegen  0.09/turn              (no ring)

@: no status effects
A: no striking features
a: no special abilities


You were on level 2 of the Dungeon.
You visited 1 branch of the dungeon, and saw 2 of its levels.

You collected 85 gold pieces.

Inventory:

Hand Weapons
 a - a +0 rapier (weapon)
Armour
 b - a +0 scale mail (worn)
 c - a +0 kite shield (worn)
Scrolls
 d - a scroll of acquirement {unknown}
Potions
 e - a potion of magic {unknown}
 f - a potion of ambrosia {unknown}
 g - a potion of berserk rage {unknown}


   Skills:
 - Level 2.4 Fighting
 + Level 4.1 Short Blades
 - Level 2.4 Armour
 - Level 2.4 Shields


You had 2 spell levels left.
You didn't know any spells.
Your spell library contained the following spells:

 Spells                   Type           Power      Damage    Failure   Level
 Freeze                   Ice            0%         1d3       100%        1
 Frozen Ramparts          Ice            0%         1d2       100%        3
 Hailstorm                Conj/Ice       0%         3d3       100%        4


Dungeon Overview and Level Annotations

Branches:
Dungeon (2/15)

Altars:

Shops:
D:2 *


Message History

You kill the adder!
Your Short Blades skill increases to level 4!
You start resting.
HP restored.
Okay, then.
Okay, then.
A worm comes into view.
You see here an adder corpse.
A worm is nearby!
A worm is nearby!
A worm is nearby!
A rat comes into view.
You barely miss the worm. You hit the worm.
The worm is lightly wounded.
You block the worm's attack.
You hit the worm but do no damage. You block the rat's attack.
The worm bites you but does no damage. The rat bites you but does no damage.
You barely miss the worm. The rat barely misses you.
You hit the worm.
The worm is moderately wounded.
The worm bites you! The rat bites you.
You hit the worm.
The worm is heavily wounded.
The rat bites you but does no damage. The worm bites you.
You are too injured to fight recklessly!
You are too injured to fight recklessly!
You are too injured to fight recklessly!
You hit the rat.
You kill the rat!
You barely miss the worm.
The worm is heavily wounded.
You block the worm's attack.
You barely miss the worm.
The worm is moderately wounded.
You block the worm's attack.
You barely miss the worm.
The worm is moderately wounded.
The worm bites you!
You die...

### #.###########
#...........#
########.#########.#
..........# #.# ##........#
#.# .##.######.########.#
.'...#.#..†..#......#
#....w@....#.######
.....#.#.....#.# ###
#.#######.## ....
#..........# ......#
######.....# ......###
########.....# ........
...>.........#
......########.####...#.#
.................##...#.###


You could see a worm.

Vanquished Creatures
  An adder (D:2)
  2 worms (D:2)
  A dart slug (D:1)
  3 bats
  4 endoplasms
  A giant cockroach (D:1)
  A goblin (D:2)
  5 hobgoblins
  8 jackals
  A quokka (D:1)
  2 ball pythons (D:1)
  A frilled lizard (D:1)
  4 kobolds
  A rat (D:2)
35 creatures vanquished.

Notes
Turn   | Place    | Note
-------+----------+-------------------------------------------
     0 | D:1      | zeram the Deep Elf Fighter began the quest for the Orb.
     0 | D:1      | Reached XP level 1. HP: 13/13 MP: 3/3
   264 | D:1      | Reached XP level 2. HP: 18/18 MP: 4/4
   399 | D:1      | Reached skill level 3 in Short Blades
   707 | D:1      | Found a faded altar of an unknown god.
   837 | D:2      | Found Yrougei's Assorted Antiques.
  1271 | D:2      | Reached XP level 3. HP: 11/22 MP: 5/5
  1778 | D:2      | Reached skill level 4 in Short Blades
  1967 | D:2      | Slain by a worm

Illustrated notes

Levels and vault maps discovered:
D:1:      shiori_shiawase, layout_basic, hellmonk_ecumenical_altar_heavens_door,
          minmay_tripent
D:2:      layout_basic, serial_shops, shop, shop, shop

Skill      XL: |  1  2  3 |
---------------+----------+-----
Short Blades   | 3 4 |  4.1
Fighting       | |  2.4
Armour         | |  2.4
Shields        | |  2.4

Action                   || total
-------------------------++-------
Melee: Rapier            ||   116
  Use: Potion            ||     1
Armor: Scale mail        ||    42
Dodge: Dodged            ||    28
Block: Kite shield       ||    53
